 Dungeon Crawl Stone Soup version 0.31-a0-358-gac0dbeb3ab (webtiles) character file.

Game seed: 200631612824157846

611 HallandMoats the Unbeliever (level 7, -1/58 HPs)
             Began as a Demonspawn Fighter on July 26, 2023.
             Slain by a lemure (7 damage)
             ... led by Pikel
             ... on level 4 of the Dungeon.
             The game lasted 00:06:17 (2484 turns).

HallandMoats the Unbeliever (Demonspawn Fighter)    Turns: 2484, Time: 00:06:18

Health: -1/58      AC:  7    Str: 18    XL:     7   Next: 20%
Magic:  12/12      EV:  9    Int:  9    God:
Gold:   111        SH:  0    Dex: 13    Spells: 6/6 levels left

rFire   . . .        a - +2 war axe (elec)
rCold   . . .        c - +1 buckler
rNeg    . . .        b - +0 scale mail
rPois   .            (no helmet)
rElec   .            o - +0 cloak
rCorr   .            (no gloves)
SInv    .            (no boots)
Will    .....        (no amulet) Stlth
                     (no ring)
HPRegen 0.29/turn    (no ring)
MPRegen 0.13/turn

%: no passive effects
@: confused, hasted, very quick
A: foul stench 1, spiny 2
a: no special abilities


You were on level 4 of the Dungeon.
You visited 1 branch of the dungeon, and saw 4 of its levels.

You collected 111 gold pieces.

Inventory:

Hand Weapons
 a - a +2 war axe of electrocution (weapon)
Missiles
 u - a throwing net
Armour
 b - a +0 scale mail (worn)
 c - a +1 buckler (worn)
 o - a +0 cloak (worn)
Wands
 r - a wand of flame (25)
Potions
 e - a potion of magic
 k - a potion of invisibility {unknown}
 l - a potion of lignification {unknown}
 t - a potion of cancellation {unknown}


   Skills:
 + Level 6.2 Fighting
 - Level 1.7 Axes
 - Level 2.6 Armour
 - Level 2.6 Shields
 + Level 7.0 Invocations


You had 6 spell levels left.
You didn't know any spells.
Your spell library contained the following spells:

 Spells                   Type           Power      Damage    Failure   Level
 Dazzling Flash           Conj/Hex       0%         N/A       99%         3
 Gell's Gravitas          Tloc           0%         N/A       99%         3
 Portal Projectile        Hex/Tloc       0%         N/A       99%         3
 Teleport Other           Tloc           0%         N/A       99%         3
 Tukima's Dance           Hex            0%         N/A       99%         3
 Volatile Blastmotes      Fire/Tloc      0%         2d10      99%         3
 Iskenderun's Mystic Bla  Conj/Tloc      0%         2d3       100%        4
 Dispersal                Tloc           0%         N/A       100%        6
 Starburst                Conj/Fire      0%         6d3       100%        6
 Maxwell's Capacitive Co  Air            0%         ∞         100%        8


Dungeon Overview and Level Annotations

Branches:
Dungeon (4/15)
 Temple: D:4-7

Altars:
Makhleb

Annotations:
D:4 Pikel


Innate Abilities, Weirdness & Mutations

You may rarely emit foul miasma when damaged in melee.
You are mostly covered in sharp spines.


Message History

Pikel hits you with a +2 whip of flaming.
* * * LOW HITPOINT WARNING * * *
Pikel burns you.
* * * LOW HITPOINT WARNING * * *
The lemure completely misses you.
There is a stone staircase leading up, spattered with blood here.
You feel yourself speed up. The lemure is struck by your spines.
The lemure closely misses you. The lemure hits you.
* * * LOW HITPOINT WARNING * * *
Pikel barely misses you. Pikel is struck by your spines.
Pikel closely misses you.
You bump into the rock wall.
The lemure is struck by your spines. The lemure hits you.
* * * LOW HITPOINT WARNING * * *
Pikel zaps a wand.
You resist with some effort.
You closely miss Pikel.
Pikel is moderately wounded.
You hit the lemure. You miss the lemure. The lemure is struck by your spines.
The lemure barely misses you.
Pikel says, "You'll make a fine lemure."
Pikel misses you. The lemure completely misses you.
Unknown command.
You slash Pikel!
Pikel is heavily wounded.
You closely miss the lemure. You hit the lemure but do no damage.
The lemure barely misses you. Pikel barely misses you. The lemure hits you.
* * * LOW HITPOINT WARNING * * *
The lemure hits you.
* * * LOW HITPOINT WARNING * * *
You feel less confused.
Pikel zaps a wand.
Your will is overpowered!
You are confused.
You're too confused to move!
Pikel zaps a wand.
Your will is overpowered!
You are more confused.
You bump into the rock wall.
You see here 4 stones.
Pikel zaps a wand.
Your will is overpowered!
You are more confused.
The lemure is struck by your spines. The lemure hits you!
You die...

#########.5###..##.###
#.....###..###..##.#
#..................#
#..................#
#........÷.........#
##########..###....#
........#.)###.5..#
........#..).K5...#
........'.<...@...+
.......÷#.........#
........###########
#######.......#
#.......+ #.......#
#.......# #.......#
.........


You could see Pikel and 2 lemures.

Vanquished Creatures
  Grinder (D:3)
  Edmund (D:3)
  A black bear (D:3)
  2 lemures (D:4)
  The ghost of ytrimaz the Trooper, a weakling FoFi (D:3)
  The ghost of Pokonic1 the Trooper, a weakling DsBe of Trog (D:3)
  3 gnolls
  2 adders
  2 dart slugs
  5 bats
  8 endoplasms
  3 goblins
  4 hobgoblins
  4 jackals (D:2)
  3 kobolds
  A quokka (D:3)
  6 ball pythons
  3 frilled lizards
  9 rats
60 creatures vanquished.

Notes
Turn   | Place    | Note
-------+----------+-------------------------------------------
     0 | D:1      | HallandMoats the Demonspawn Fighter began the quest for the
                  | Orb.
     0 | D:1      | Reached XP level 1. HP: 18/18 MP: 1/1
    60 | D:1      | Reached skill level 1 in Invocations
    90 | D:1      | Gained mutation: You are partially covered in sharp spines.
                  | [demonic ancestry]
    90 | D:1      | Reached XP level 2. HP: 22/24 MP: 1/3
   224 | D:1      | Found a faded altar of an unknown god.
   294 | D:1      | Reached skill level 2 in Invocations
   763 | D:2      | Reached XP level 3. HP: 24/29 MP: 4/4
  1444 | D:3      | Reached skill level 3 in Invocations
  1552 | D:3      | Noticed an Executioner
  1553 | D:3      | Found a burning altar of Makhleb.
  1556 | D:3      | Noticed an angel
  1703 | D:3      | Found a runed translucent gate.
  1979 | D:3      | Found a runed translucent gate.
  1981 | D:3      | Found a runed translucent gate.
  1984 | D:3      | Noticed Pokonic1's ghost (weakling DsBe)
  1984 | D:3      | Noticed ytrimaz's ghost (weakling FoFi)
  2016 | D:4      | Gained mutation: You may rarely emit foul miasma when
                  | damaged in melee. [demonic ancestry]
  2016 | D:4      | Reached XP level 4. HP: 37/37 MP: 6/6
  2072 | D:4      | Noticed Grinder
  2078 | D:4      | Paralysed by Grinder for 4 turns
  2093 | D:3      | Paralysed by Grinder for 3 turns
  2107 | D:3      | Killed Grinder
  2108 | D:3      | Reached skill level 5 in Fighting
  2108 | D:3      | Reached skill level 5 in Invocations
  2108 | D:3      | Reached XP level 5. HP: 30/44 MP: 6/9
  2108 | D:3      | Reached XP level 6. HP: 35/51 MP: 6/10
  2192 | D:4      | Noticed Edmund
  2193 | D:4      | Noticed Pikel
  2209 | D:3      | Reached skill level 6 in Invocations
  2212 | D:3      | Identified a scroll of acquirement
  2212 | D:3      | Acquired a +2 war axe of electrocution
  2303 | D:3      | Killed Pokonic1's ghost
  2309 | D:3      | Killed ytrimaz's ghost
  2424 | D:3      | Killed Edmund
  2425 | D:3      | Reached skill level 7 in Invocations
  2425 | D:3      | Gained mutation: You are mostly covered in sharp spines.
                  | [demonic ancestry]
  2425 | D:3      | Reached XP level 7. HP: 42/58 MP: 10/12
  2456 | D:4      | HP: 2/58 [lemure[Pikel] (1)]
  2484 | D:4      | Slain by a lemure

Illustrated notes

Levels and vault maps discovered:
D:1:      dpeg_arrival_simpleton_b, layout_loops_ring, basic_ecumenical_altar,
          minmay_misc_feat_x
D:2:      layout_basic
D:3:      layout_rooms, grunt_temple_overflow_order_and_chaos_2,
          gammafunk_ghost_cemetery
D:4:      layout_gridville, nicolae_ru_great_annihilating_truth,
          minmay_misc_feat_doors, uniq_blork_the_orc, uniq_edmund, uniq_pikel,
          uniq_grinder, uniq_eustachio

Skill      XL: |  1  2  3  4  5  6 |
---------------+-------------------+-----
Invocations    | 1 2 3 5 7 |  7.0
Fighting       | 4 5 6 |  6.2
Axes           | |  1.7
Armour         | |  2.6
Shields        | |  2.6

Action                     |  1- 3 |  4- 6 |  7- 9 || total
---------------------------+-------+-------+-------++-------
  Melee: War axe           |    94 |    36 |     5 ||   135
    Use: Scroll            |       |     8 |       ||     8
         Potion            |       |     3 |     1 ||     4
 Armour: Scale mail        |    32 |    18 |     4 ||    54
  Dodge: Dodged            |    42 |    21 |    14 ||    77
  Block: Buckler           |    22 |     7 |       ||    29

Table legend: (Time is in decaauts)
 A = Elapsed time spent in this place.
 B = Non-inter-level travel time spent in this place.
 C = Inter-level travel time spent in this place.
 D = Time resting spent in this place.
 E = Time spent auto-exploring this place.
 F = Levels seen in this place.
 G = Mean time per level.
                   A        B        C        D        E       F      G
               +--------+--------+--------+--------+--------+-----+--------+
         Total |   2519 |   2437 |     82 |     59 |   1773 |   4 |  629.8 |
       Dungeon |   2519 |   2437 |     82 |     59 |   1773 |   4 |  629.8 |
               +--------+--------+--------+--------+--------+-----+--------+

Top non-repeatable levels by time:
     D:3: 868 daAuts
     D:1: 759 daAuts
     D:2: 704 daAuts
     D:4: 187 daAuts
